 Dungeon Crawl Stone Soup version 0.31.0-11-ge490571c62 (webtiles) character file.

Game seed: 13469803311802165204

2155 Flugkiller the Fighter (level 9, 0/83 HPs)
             Began as a Minotaur Fighter on Jan 28, 2024.
             Was a Believer of Cheibriados.
             Killed from afar by an electric eel (16 damage)
             ... with a bolt of electricity
             ... on level 6 of the Dungeon on Jan 29, 2024.
             The game lasted 00:02:53 (5070 turns).

Flugkiller the Fighter (Minotaur Fighter)           Turns: 5070, Time: 00:02:54

Health: 0/83       AC: 17    Str: 29 (30) XL:     9   Next: 10%
Magic:  9/9        EV: 10    Int:  7 (10) God:    Cheibriados [**....]
Gold:   243        SH:  5    Dex: 14 (15) Spells: 8/8 levels left

rFire   . . .        a - +1 war axe
rCold   . . .        c - +0 buckler
rNeg    . . .        j - +0 chain mail
rPois   .            (helmet restricted)
rElec   .            h - +2 cloak
rCorr   .            r - +2 pair of gloves
SInv    .            (no boots)
Will    +....        (no amulet) Stlth
                     m - ring of willpower
HPRegen 0.33/turn    (no ring)
MPRegen 0.11/turn

%: no passive effects
@: very slow
A: horns 2, retaliatory headbutt
a: Renounce Religion, Bend Time


You were on level 6 of the Dungeon.
You worshipped Cheibriados.
Cheibriados was pleased with you.
You visited 2 branches of the dungeon, and saw 7 of its levels.

You collected 243 gold pieces.

Inventory:

Hand Weapons
 a - a +1 war axe (weapon)
Missiles
 o - 2 throwing nets (quivered)
Armour
 c - a +0 buckler (worn)
 h - a +2 cloak (worn)
   (You found it on level 6 of the Dungeon)
 j - a +0 chain mail (worn)
   (You took it off an orc warrior on level 3 of the Dungeon)
 r - a +2 pair of gloves (worn)
   (You found it on level 4 of the Dungeon)
Jewellery
 m - a ring of willpower (left hand)
   (You found it on level 3 of the Dungeon)
Scrolls
 i - 2 scrolls of enchant armour
 k - a scroll of fog
 l - 2 scrolls of enchant weapon
 p - a scroll of immolation
 t - 2 scrolls of teleportation
 u - a scroll of revelation
Potions
 d - a potion of might
 e - a potion of lignification {unknown}
 g - a potion of heal wounds {unknown}
 n - a potion of resistance
 q - a potion of curing
 s - 2 potions of magic
 v - a potion of ambrosia {unknown}


   Skills:
 * Level 9.0 Fighting
 * Level 8.5 Axes
 + Level 6.7 Armour
 + Level 2.8 Dodging
 - Level 5.7 Shields
 + Level 2.4 Invocations


You had 8 spell levels left.
You didn't know any spells.
Your spell library contained the following spells:

 Spells                   Type           Power      Damage    Failure   Level
 Apportation              Tloc           0%         N/A       90%         1
 Kiss of Death            Conj/Necr      0%         2d5       90%         1
 Jinxbite                 Hex            0%         N/A       97%         2
 Lesser Beckoning         Tloc           0%         N/A       97%         2
 Confusing Touch          Hex            0%         N/A       99%         3
 Dazzling Flash           Conj/Hex       0%         N/A       99%         3
 Gell's Gravitas          Tloc           0%         N/A       99%         3
 Hailstorm                Conj/Ice       0%         3d5       99%         3
 Mephitic Cloud           Conj/Alch/Air  0%         N/A       99%         3
 Summon Ice Beast         Ice/Summ       0%         N/A       99%         3
 Teleport Other           Tloc           0%         N/A       99%         3
 Dispel Undead            Necr           0%         3d6       100%        4
 Alistair's Intoxication  Alch           0%         N/A       100%        5
 Curse of Agony           Necr           0%         N/A       100%        5
 Silence                  Hex/Air        0%         N/A       100%        5
 Sculpt Simulacrum        Ice/Alch       0%         N/A       100%        6


Dungeon Overview and Level Annotations

Branches:
Dungeon (6/15)             Temple (1/1) D:6

Altars:
Ashenzari
Cheibriados
Dithmenos
Elyvilon
Fedhas
Gozag
Hepliaklqana
Kikubaaqudgha
Makhleb
Nemelex Xobeh
Qazlal
Ru
Sif Muna
Trog
Uskayaw
Vehumet
Xom
Yredelemnul
Zin

Shops:
D:1 [


Innate Abilities, Weirdness & Mutations

You have a pair of horns on your head.
You reflexively headbutt those who attack you in melee.


Message History

Things that are here:
a +0 leather armour; a +0 rapier
There is an open door here.
Done exploring.
No target in view!
Done exploring.
No target in view!
Done exploring.
No target in view!
No target in view!
Done exploring.
Done exploring.
There is an open door here.
There is an open door here.
There is a stone staircase leading down here.
You climb downwards.
The centaur shoots an arrow.
The arrow hits you but does no damage.
The centaur shoots an arrow.
The arrow barely misses you.
The centaur shoots an arrow.
The arrow hits you!
There is a stone staircase leading up, spattered with blood here.
Unknown command.
A centaur is nearby!
A centaur is nearby!
The centaur shoots an arrow.
The arrow hits you!
The centaur shoots an arrow.
The arrow barely misses you.
The centaur shoots an arrow.
The arrow hits you!
The centaur shoots an arrow.
The arrow hits you but does no damage.
The centaur shoots an arrow.
The arrow completely misses you.
The centaur shoots an arrow.
The arrow hits you but does no damage.
The centaur unwields a +0 shortbow.
The centaur hits you.
The centaur misses you. x2; You furiously retaliate!
You headbutt the centaur. The centaur barely misses you.
You hit the centaur.
The centaur is lightly wounded.
The centaur hits you but does no damage.
The centaur kicks you.
You hit the centaur.
The centaur is moderately wounded.
The centaur barely misses you.
The centaur kicks you but does no damage.
The centaur hits you.
The centaur kicks you but does no damage.
You slash the centaur!
You kill the centaur!
Cheibriados appreciates the change of pace.
You see here a +0 shortbow.
No target in view!
You see here a +0 shortbow.
l - 2 scrolls of enchant weapon (gained 1)
You start resting.
HP restored.
An iguana comes into view.
The iguana hisses angrily.
An iguana is nearby!
An iguana is nearby!
An iguana is nearby!
You see here a scroll of teleportation.
You slash the iguana! You headbutt the iguana.
The iguana is almost dead.
The iguana barely misses you.
You completely miss the iguana.
The iguana is almost dead.
The iguana bites you but does no damage.
You hit the iguana.
You kill the iguana!
Cheibriados appreciates the change of pace.
Your Fighting skill increases to level 9!
No target in view!
No target in view!
No target in view!
t - 2 scrolls of teleportation (gained 1)
i - 2 scrolls of enchant armour (gained 1)
You enter the shallow water.
Moving in this stuff is going to be slow.
The electric eel shoots out a bolt of lightning at you!
The bolt of electricity hits you.
The electric eel shoots out a bolt of lightning at you!
The bolt of electricity hits the electric eel.
The electric eel completely resists.
The bolt of electricity hits you!
There are monsters nearby!
The electric eel shoots out a bolt of lightning at you!
The bolt of electricity hits you! The bolt of electricity hits you.
There are monsters nearby!
There are monsters nearby!
The electric eel shoots out a bolt of lightning at you!
The bolt of electricity hits you.
The electric eel shoots out a bolt of lightning at you!
The bolt of electricity hits you!
The electric eel shoots out a bolt of lightning at you!
The bolt of electricity hits you!
The electric eel shoots out a bolt of lightning at you!
The bolt of electricity hits you but does no damage.
The bolt of electricity hits you!
The electric eel shoots out a bolt of lightning at you!
The bolt of electricity hits you!
* * * LOW HITPOINT WARNING * * *
The bolt of electricity hits you!
* * * LOW HITPOINT WARNING * * *
The electric eel shoots out a bolt of lightning at you!
The bolt of electricity hits you!
You die...

......##P~~~~~..#
#.### ....###
.P~~≈~~P###...###
..###
.~.≈~.~.)#......##
.##
P~~~≈~...........#
##
P~~~.~~.........##
#
.~~.~SS........####
###
.P.~~P.........)..#
..###
#.PP.........#####
....##
####...@.#####
.....# #..###.#
.....# ### #..#
.....## #..# ####
......## #.###....
.......## #.#......
#.......##
##.......#
##.......##
#.......##
.##.......###
#......##


You could see 2 electric eels.

Vanquished Creatures
  Pikel (D:6)
  Eustachio (D:5)
  An orc warrior (D:3)
  A sky beast (D:6)
  An ice beast (D:3)
  A black bear (D:4)
  2 ogres
  A centaur (D:6)
  2 phantoms (D:5)
  A bullfrog (D:6)
  A scorpion (D:6)
  A bombardier beetle (D:6)
  3 hounds
  A jelly (D:5)
  4 iguanas
  Ijyb (D:4)
  An orc wizard (D:5)
  2 sleepcaps
  Robin (D:1)
  9 gnolls
  6 adders
  A white imp (D:5)
  4 ribbon worms
  6 dart slugs
  18 orcs
  2 bats
  5 endoplasms
  3 giant cockroaches
  7 hobgoblins
  2 jackals (D:3)
  3 quokkas
  8 ball pythons
  2 frilled lizards (D:3)
  13 goblins
  11 kobolds
  7 rats
134 creatures vanquished.

Notes
Turn   | Place    | Note
-------+----------+-------------------------------------------
     0 | D:1      | Flugkiller the Minotaur Fighter began the quest for the
                  | Orb.
     0 | D:1      | Reached XP level 1. HP: 19/19 MP: 0/0
   103 | D:1      | Found a faded altar of an unknown god.
   184 | D:1      | Reached XP level 2. HP: 25/27 MP: 1/1
   309 | D:1      | Reached skill level 4 in Fighting
   351 | D:1      | Found Obiv's Armour Shoppe.
   838 | D:2      | Noticed Robin
   840 | D:2      | Reached XP level 3. HP: 25/33 MP: 2/2
   854 | D:1      | Killed Robin
  1175 | D:2      | Reached XP level 4. HP: 41/41 MP: 3/3
  1626 | D:3      | Found an opulent altar of Gozag.
  1626 | D:3      | Found a bloodstained altar of Trog.
  1627 | D:3      | Found a stormy altar of Qazlal.
  1663 | D:3      | You fall into a shaft and drop 3 floors!
  1676 | D:6      | Reached skill level 5 in Fighting
  1676 | D:6      | Reached XP level 5. HP: 48/48 MP: 4/4
  1677 | D:6      | Noticed a sky beast
  1695 | D:6      | Killed a sky beast
  1696 | D:6      | Reached skill level 5 in Axes
  1696 | D:6      | Reached XP level 6. HP: 24/57 MP: 5/5
  1699 | D:6      | Reached skill level 6 in Fighting
  2047 | D:6      | Noticed Pikel
  2061 | D:6      | Killed Pikel
  2062 | D:6      | Reached skill level 7 in Fighting
  2062 | D:6      | Reached skill level 5 in Armour
  2062 | D:6      | Reached skill level 5 in Shields
  2062 | D:6      | Reached XP level 7. HP: 45/66 MP: 6/6
  2143 | D:6      | Found a staircase to the Ecumenical Temple.
  2156 | Temple   | Entered the Ecumenical Temple
  2227 | Temple   | Became a worshipper of Cheibriados the Contemplative
  2345 | D:5      | Entered Level 5 of the Dungeon
  2482 | D:5      | Reached XP level 8. HP: 67/73 MP: 7/7
  2706 | D:5      | Noticed Eustachio
  2727 | D:5      | Killed Eustachio
  2874 | D:5      | Reached skill level 1 in Dodging
  2874 | D:5      | Reached skill level 1 in Invocations
  3057 | D:5      | Reached skill level 8 in Fighting
  3162 | D:4      | Noticed Ijyb
  3169 | D:4      | Killed Ijyb
  3208 | D:4      | Reached * piety under Cheibriados
  3921 | D:3      | Reached ** piety under Cheibriados
  4238 | D:4      | Reached XP level 9. HP: 82/82 MP: 9/9
  5023 | D:6      | Reached skill level 9 in Fighting
  5070 | D:6      | Killed from afar by an electric eel

Illustrated notes

Levels and vault maps discovered:
D:1:      matt_arrival_spirals, layout_rooms, dreamdust_ecumenical_altar_grove,
          serial_shops, shop
D:2:      layout_rooms, uniq_robin
D:3:      layout_basic, gammafunk_temple_overflow_forgotten,
          kennysheep_nondescript, grunt_ministairs_7, minmay_divided_ellipse
D:4:      layout_rooms, uniq_ijyb
D:5:      layout_gridville, corexii_leaking_fountain, nicolae_titane,
          uniq_eustachio
D:6:      layout_cave_pods, minmay_temple_entry_statues_fountains, serial_shops,
          nicolae_shop_rolled_up, serial_bayou, serial_bayou_shore_b,
          serial_bayou_shore_a, serial_bayou_pond_b, serial_bayou_pond_b,
          uniq_pikel
Temple:   minmay_temple_bridge_d

Skill      XL: |  1  2  3  4  5  6  7  8  9 |
---------------+----------------------------+-----
Axes           | 3 4 5 6 8 |  8.5
Fighting       | 4 5 7 8 9 |  9.0
Armour         | 4 5 6 |  6.7
Shields        | 4 5 |  5.7
Dodging        | 2 |  2.8
Invocations    | 2 |  2.4

Action                     |  1- 3 |  4- 6 |  7- 9 || total
---------------------------+-------+-------+-------++-------
  Melee: War axe           |    74 |    64 |   150 ||   288
         Headbutt          |    12 |     8 |    26 ||    46
    Use: Potion            |       |     2 |     4 ||     6
         Scroll            |       |       |    18 ||    18
 Armour: Scale mail        |    66 |    57 |    99 ||   222
         Chain mail        |       |       |    50 ||    50
  Dodge: Dodged            |    32 |    36 |    95 ||   163
  Block: Buckler           |    12 |    17 |    50 ||    79
